 Dungeon Crawl Stone Soup version 0.30-a0-830-gfe289a77b0 (webtiles) character file.

Game seed: 16691448795221632727

53 cforsyth the Sneak (level 4, -3/27 HPs)
             Began as a Kobold Brigand on Feb 28, 2023.
             Slain by an orc
             ... wielding a +0 club
              (5 damage)
             ... on level 3 of the Dungeon.
             The game lasted 00:01:38 (1780 turns).

cforsyth the Sneak (Kobold Brigand)                 Turns: 1780, Time: 00:01:39

Health: -3/27      AC:  3    Str:  6 (8)  XL:     4   Next: 10%
Magic:  4/4        EV: 14    Int: 10 (12) God:
Gold:   88         SH:  0    Dex: 15 (18) Spells: 3/3 levels left

rFire   . . .      SeeInvis .    a - +2 dagger
rCold   . . .      Faith    .    (no shield)
rNeg    . . .      Spirit   .    b - +0 robe
rPois   .          Reflect  .    (no helmet)
rElec   .          Harm     .    c - +0 cloak
rCorr   .          Rampage  .    (no gloves)
Will    .....                    (no boots)
Stlth   ++++                     o - amulet of regeneration
HPRegen 1.04/turn                (no ring)
MPRegen 0.09/turn                (no ring)

@: flying
A: small, no large weapons, nightstalker 3
a: no special abilities


You were on level 3 of the Dungeon.
You visited 1 branch of the dungeon, and saw 3 of its levels.

You collected 88 gold pieces.

Inventory:

Hand Weapons
 a - a +2 dagger (weapon)
 l - a +1 short sword of protection
 p - a +2 dagger of venom
Missiles
 d - 14 poisoned darts (quivered)
 e - 3 curare-tipped darts
Armour
 b - a +0 robe (worn)
 c - a +0 cloak (worn)
Jewellery
 o - an amulet of regeneration (around neck)
 s - the amulet "Rumu" {RegenMP rElec Str+3 Dex+5 Stlth-}
   (You found it on level 3 of the Dungeon)

   [amulet of magic regeneration]

   It increases your rate of magic regeneration.
   Str:       It affects your strength (+3).
   Dex:       It affects your dexterity (+5).
   rElec:     It insulates you from electricity.
   Stlth:     It makes you less stealthy.
Scrolls
 f - a scroll of enchant weapon {unknown}
 h - 4 scrolls of identify {unknown}
 i - 2 scrolls of noise {unknown}
 k - a scroll of amnesia {unknown}
 q - a scroll of magic mapping {unknown}
 r - a scroll of summoning {unknown}
Potions
 g - a potion of lignification {unknown}
 j - a potion of degeneration
 m - a potion of resistance {unknown}
 n - a potion of flight


   Skills:
 + Level 2.9 Fighting
 + Level 3.5 Short Blades
 - Level 2.1 Throwing
 + Level 2.3 Dodging
 + Level 5.9 Stealth


You had 3 spell levels left.
You didn't know any spells.
Your spell library contained the following spells:

 Spells                   Type           Power      Damage    Failure   Level
 Vhi's Electric Charge    Tloc/Air       0%         N/A       75%         3
 Arcjolt                  Conj/Air       0%         1d10      100%        5
 Maxwell's Capacitive Co  Air            0%         ∞         100%        8


Dungeon Overview and Level Annotations

Branches:
Dungeon (3/15)

Altars:


Innate Abilities, Weirdness & Mutations

You are small and have problems with some larger weapons.
You are completely attuned to the shadows.


Message History

You hit the orc.
The orc is severely wounded.
The orc closely misses you. The orc barely misses you.
The quokka twitches its whiskers.
You closely miss the orc.
The orc is severely wounded.
The orc hits you with a +0 club.
The orc cheers repeatedly.
The orc hits you from afar with a +0 trident!
* * * LOW HITPOINT WARNING * * *
The quokka misses you.
You are too injured to fight recklessly!
You are too injured to fight recklessly!
You are too injured to fight recklessly!
You are too injured to fight recklessly!
You are too injured to fight recklessly!
You are too injured to fight recklessly!
You are too injured to fight recklessly!
You are too injured to fight recklessly!
You are too injured to fight recklessly!
You are too injured to fight recklessly!
The orc attacks as you move away! The orc misses you.
Okay, then.
It was a potion of degeneration.
There was something very wrong with that liquid.
You feel weakened.
You feel dopey.
You feel clumsy. The quokka closely misses you. The orc closely misses you.
The orc hits you from afar with a +0 trident.
* * * LOW HITPOINT WARNING * * *
It was a potion of flight.
You feel very buoyant.
You fly up into the air.
The quokka misses you. The orc closely misses you. The orc barely misses you.
Okay, then.
The orc attacks as you move away! The orc hits you with a +0 hand axe.
* * * LOW HITPOINT WARNING * * *
The quokka bites you.
* * * LOW HITPOINT WARNING * * *
The orc attacks as you move away! The orc hits you with a +0 club.
You die...

######.^...#..###
#.....#.....#.
#............###.
######.......!...
#......)).#
#.........#
##..........#
#....oro.....
#....@o......
#..≈....≈≈≈..
#..≈#+###≈≈.
#..≈≈ #≈ ≈≈


You could see 3 orcs and a quokka.

Vanquished Creatures
  An adder (D:2)
  2 worms (D:3)
  2 orcs (D:3)
  3 bats
  3 endoplasms
  4 giant cockroaches
  4 goblins
  3 quokkas
  A frilled lizard (D:1)
  4 kobolds
  7 rats
34 creatures vanquished.

Notes
Turn   | Place    | Note
-------+----------+-------------------------------------------
     0 | D:1      | cforsyth the Kobold Brigand began the quest for the Orb.
     0 | D:1      | Reached XP level 1. HP: 12/12 MP: 1/1
   170 | D:1      | Reached XP level 2. HP: 18/18 MP: 2/2
  1227 | D:2      | Reached XP level 3. HP: 22/22 MP: 3/3
  1697 | D:3      | Reached XP level 4. HP: 27/27 MP: 4/4
  1725 | D:3      | Identified the amulet "Rumu" {RegenMP rElec Str+3 Dex+5
                  | Stlth-}
  1780 | D:3      | Slain by an orc

Illustrated notes

Levels and vault maps discovered:
D:1:      eino_arrival_cavern_a, layout_basic
D:2:      layout_loops_cross
D:3:      layout_basic, nicolae_qazlal_general_emergency,
          nicolae_ru_sacrificial_ziggurat, nicolae_shop_unique_rings,
          st_stairs_5, hangedman_decor_clover_reticule, skrybe_limestone_x

Skill      XL: |  1  2  3 |
---------------+----------+-----
Short Blades   | 3 |  3.5
Dodging        | 2 |  2.3
Fighting       | |  2.9
Throwing       | |  2.1
Stealth        | |  5.9

Action                     |  1- 3 |  4- 6 || total
---------------------------+-------+-------++-------
  Melee: Dagger            |    76 |    18 ||    94
         Punch             |     1 |       ||     1
    Use: Potion            |       |     2 ||     2
   Stab: Sleeping          |    16 |       ||    16
 Armour: Robe              |    18 |       ||    18
  Dodge: Dodged            |    36 |    21 ||    57

Table legend: (Time is in decaauts)
 A = Elapsed time spent in this place.
 B = Non-inter-level travel time spent in this place.
 C = Inter-level travel time spent in this place.
 D = Time resting spent in this place.
 E = Time spent auto-exploring this place.
 F = Levels seen in this place.
 G = Mean time per level.
                   A        B        C        D        E       F      G
               +--------+--------+--------+--------+--------+-----+--------+
         Total |   1763 |   1747 |     16 |      0 |   1499 |   3 |  587.7 |
       Dungeon |   1763 |   1747 |     16 |      0 |   1499 |   3 |  587.7 |
               +--------+--------+--------+--------+--------+-----+--------+

Top non-repeatable levels by time:
     D:1: 850 daAuts
     D:2: 710 daAuts
     D:3: 203 daAuts
